 Dungeon Crawl Stone Soup version 0.23.0 (webtiles) character file.

Game seed: 7205111437320556944

123 Masnef the Ducker (level 4, -3/23 HPs)
             Began as a Spriggan Skald on Feb 17, 2019.
             Slain by a phantom (7 damage)
             ... on level 4 of the Dungeon.
             The game lasted 00:05:15 (4260 turns).

Masnef the Ducker (Spriggan Skald)                  Turns: 4260, Time: 00:05:16

Health: -3/23      AC:  2    Str:  7      XL:     4   Next: 79%
Magic:  4/9        EV: 19    Int: 14 (15) God:
Gold:   98         SH:  0    Dex: 14 (15) Spells: 5/8 levels left

rFire    . . .     SeeInvis +   n - +0 short sword (vamp)
rCold    . . .     Gourm    .   (shield restricted)
rNeg     . . .     Faith    .   b - +0 robe
rPois    .         Spirit   .   (helmet restricted)
rElec    .         Reflect  .   (no cloak)
rCorr    .         Harm     .   (gloves unavailable)
MR       .....                  (boots unavailable)
Stlth    +++.......             (no amulet)
HPRegen  0.07/turn              (no ring)
MPRegen  0.11/turn              (no ring)

@: infused, very slightly contaminated, very quick
A: very small, unfitting armour, see invisible, herbivore, speed 3, slow
metabolism 2
a: no special abilities


You were on level 4 of the Dungeon.
You were not hungry.

You visited 1 branch of the dungeon, and saw 4 of its levels.

You collected 98 gold pieces.

Inventory:

Hand Weapons
 a - a +0 short sword
 n - a +0 vampiric short sword (weapon)
Armour
 b - a +0 robe (worn)
Jewellery
 t - an uncursed ring of wizardry {unknown}
Wands
 m - a wand of clouds (9)
Scrolls
 e - a scroll of noise {unknown}
 f - 5 scrolls of identify {unknown}
 i - 3 scrolls of enchant armour {unknown}
 j - 2 scrolls of remove curse {unknown}
 k - a scroll of fear {unknown}
 l - 2 scrolls of teleportation {unknown}
 q - a scroll of fog {unknown}
 r - a scroll of enchant weapon {unknown}
 s - a scroll of magic mapping {unknown}
Potions
 c - 3 potions of degeneration
 g - 2 potions of curing
 h - a potion of cancellation {unknown}
 o - 2 potions of haste {unknown}
 p - 2 potions of mutation {unknown}
Comestibles
 d - 3 rations


   Skills:
 + Level 2.0 Fighting
 + Level 3.5 Short Blades
 + Level 4.7 Dodging
 + Level 4.0 Stealth
 - Level 2.6 Spellcasting
 - Level 4.4 Charms


You had 5 spell levels left.
You knew the following spells:

 Your Spells              Type           Power        Failure   Level  Hunger
a - Infusion              Chrm           ##..         3%          1    #......
b - Shroud of Golubria    Chrm/Tloc      #.........   14%         2    ###....

Your spell library contained the following spells:

 Spells                   Type           Power        Failure   Level  Hunger
 Song of Slaying          Chrm           ##......     5%          2    ###....
 Regeneration             Chrm/Necr      #.........   26%         3    ###....
 Spectral Weapon          Hex/Chrm       #.......     26%         3    ###....


Dungeon Overview and Level Annotations

Branches:
Dungeon (4/15)
 Temple: D:4-7

Altars:
Fedhas


Innate Abilities, Weirdness & Mutations

You are very small and have problems with some larger weapons.
You are too small for most types of armour.
You have supernaturally acute eyesight. (SInv)
You are a herbivore.
You cover ground extremely quickly.
You need to consume almost no food.


Message History

You begin infusing your attacks with magical energy.
The phantom misses you.
You barely miss the phantom.
The phantom is lightly damaged.
The phantom blinks!
You are too injured to fight recklessly!
You are too injured to fight recklessly!
You are too injured to fight recklessly!
You are too injured to fight recklessly!
You are too injured to fight recklessly!
You hit the phantom.
The phantom is moderately damaged.
The phantom misses you.
You hit the phantom.
The phantom is moderately damaged.
The phantom misses you.
You barely miss the phantom.
The phantom is moderately damaged.
The phantom hits you!
You die...

...######.....
........#......#
........#......#
........#......#
#####...#......##+###
..###...####........#
...#.......#........#
...#.......#........#
...#.......'....@W..#
...'.......#........#
############........#
##########


You could see a phantom.

Vanquished Creatures
  5 adders
  An ooze (D:2)
  A worm (D:3)
  2 dart slugs
  3 leopard geckos
  2 ball pythons (D:1)
  11 bats
  A giant cockroach (D:3)
  6 goblins
  11 hobgoblins
  4 jackals (D:3)
  5 frilled lizards
  9 kobolds
  2 rats
63 creatures vanquished.

Notes
Turn   | Place    | Note
-------+----------+-------------------------------------------
     0 | D:1      | Masnef the Spriggan Skald began the quest for the Orb.
     0 | D:1      | Reached XP level 1. HP: 10/10 MP: 5/5
   154 | D:1      | Reached skill level 1 in Stealth
   492 | D:1      | Reached XP level 2. HP: 14/14 MP: 6/6
   541 | D:1      | Learned a level 2 spell: Shroud of Golubria
  1987 | D:2      | Reached XP level 3. HP: 18/18 MP: 8/8
  2672 | D:3      | Found a blossoming altar of Fedhas.
  2676 | D:3      | Reached XP level 4. HP: 22/23 MP: 4/9
  4236 | D:4      | Noticed a phantom
  4260 | D:4      | Slain by a phantom

Skill      XL: |  1  2  3  4 |
---------------+-------------+-----
Stealth        | 2 3 4 |  4.0
Dodging        | 4 |  4.7
Short Blades   | 3 |  3.5
Fighting       | 2 |  2.0
Spellcasting   | |  2.6
Charms         | |  4.4

Action                   |  1- 3 |  4- 6 || total
-------------------------+-------+-------++-------
Melee: Short sword       |   132 |   146 ||   278
 Cast: Infusion          |     6 |     2 ||     8
       Shroud of Golubri |     4 |     3 ||     7
  Use: Potion            |     2 |       ||     2
 Stab: Sleeping          |     5 |     4 ||     9
  Eat: Ration            |     2 |     2 ||     4
Armor: Robe              |    16 |    22 ||    38
Dodge: Dodged            |   108 |   159 ||   267
